Warning! The script has encountered some errors when parsing the replay. Please report them to the . » details
0x00, prev: 0x16: 16 02 01 00 EA 93 00 00 ED 05 01 00 [00] 00 00 00 00 00 00 00 00 00 00 00 00 00 00 00 00 00 00 00 00 00 00 00 01 00
0x00, prev: 0x00: 16 02 01 00 EA 93 00 00 ED 05 01 00 00 00 00 00 00 00 00 00 00 00 00 00 00 00 00 00 00 00 00 00 00 00 [00] 00 01 00
0x00, prev: 0x02: 16 02 04 00 02 94 00 00 EA E7 04 00 B9 AB 00 00 75 B3 03 00 84 B0 00 00 5E A5 04 00 99 B5 00 00 C8 35 07 00 00 00 00 00 00 00 00 00 00 00 00 00 00 00 00 00 00 00 00 00 00 00 00 00 02 [00]
0x09, prev: 0x00: 16 02 01 00 F8 B5 00 00 F0 1E 09 00 00 00 00 00 00 00 00 00 00 00 00 00 00 00 00 00 00 00 00 00 00 00 00 00 [09] 00 03 1F 00 12 08 00 03 00 0D 00 FF FF FF FF FF FF FF FF B3 6F 62 C5 11 6E 9C C4 FF FF FF FF FF FF FF FF
0x00, prev: 0x04: 16 02 01 00 8F B2 00 00 4D F2 04 00 00 00 00 00 00 00 00 00 00 00 00 00 00 00 00 00 00 00 00 00 00 00 00 00 04 [00]
0x00, prev: 0x01: 16 02 01 00 EA 93 00 00 ED 05 01 00 00 00 00 00 00 00 00 00 00 00 00 00 00 00 00 00 00 00 00 00 00 00 00 00 01 [00]
General information
- name: BNet
- type: Ladder team game (AT/RT)
- host: Battle.net
- saver: brucewillisusa
map: GolemsInTheMist
- players: 8
- length: 61:03
- speed: Fast
- version: 1.23 W3XP
- replay type: Public
» download(247 KB)
Players
team 1 (loser)
death_x (
blue | 13 APM | 73 actions | 05:26)
1 Death Knight
1 Death Coil
» actions
| Build / train | 11 | |
| Enter build submenu | 6 | |
| Enter hero's abilities submenu | 1 | |
| Right click | 26 | |
| Select / deselect | 22 | |
| Use ability | 7 | |
73 total
» units
» buildings
| Altar of Darkness | 1 | |
| Crypt | 1 | |
| Ziggurat | 3 | |
| Halls of the Dead | 1 | |
6 total
» build order
00:06 Altar of Darkness
00:08 Crypt
01:06 Ziggurat
03:12 Halls of the Dead
03:16 Ziggurat
03:21 Ziggurat
Extinguisher (
teal | 17 APM | 788 actions | 45:33)
6 Lich
3 Frost Nova
2 Frost Armor
1 Death and Decay
» actions
| Assign group hotkey | 18 | |
| Basic commands | 5 | |
| Build / train | 48 | |
| Enter build submenu | 17 | |
| Enter hero's abilities submenu | 6 | |
| Remove unit from queue | 1 | |
| Right click | 407 | |
| Select / deselect | 181 | |
| Select group hotkey | 79 | |
| Use ability | 26 | |
788 total
» units
| Acolyte | 3 | |
| Ghoul | 4 | |
| Crypt Fiend | 18 | |
25 total
» upgrades
| Creature Attack | 2 | |
| Web | 1 | |
| Creature Carapace | 2 | |
5 total
» buildings
| Altar of Darkness | 1 | |
| Ziggurat | 11 | |
| Crypt | 1 | |
| Graveyard | 1 | |
| Halls of the Dead | 1 | |
| Spirit Tower | 5 | |
| Tomb of Relics | 1 | |
21 total
» build order
00:27 Altar of Darkness
00:41 Ziggurat
00:57 Crypt
01:11 Graveyard
01:46 Ziggurat
02:35 Ziggurat
03:20 Ziggurat
03:40 Ziggurat
04:28 Ziggurat
05:04 Halls of the Dead
05:12 Spirit Tower
06:21 Spirit Tower
07:00 Ziggurat
07:38 Tomb of Relics
08:14 Spirit Tower
08:19 Spirit Tower
10:04 Spirit Tower
12:08 Ziggurat
12:13 Ziggurat
12:42 Ziggurat
12:51 Ziggurat
» items
| Scroll of Town Portal | 1 | |
| Orb of Lightning | 1 | |
| Potion of Healing | 1 | |
| Scroll of Speed | 1 | |
4 total
killerb- (
pink | 41 APM | 1859 actions | 45:33)
6 Priestess of the Moon
3 Trueshot Aura
2 Searing Arrows
1 Starfall
3 Keeper of the Grove
2 Thorns Aura
1 Force of Nature
» actions
| Assign group hotkey | 8 | |
| Basic commands | 3 | |
| Build / train | 80 | |
| Enter build submenu | 28 | |
| Enter hero's abilities submenu | 10 | |
| Give item / drop item | 2 | |
| Right click | 1063 | |
| Select / deselect | 431 | |
| Select group hotkey | 141 | |
| Use ability | 93 | |
1859 total
» units
| Wisp | 26 | |
| Archer | 5 | |
| Goblin Zeppelin | 1 | |
| Dryad | 11 | |
| Druid of the Claw | 8 | |
| Mountain Giant | 2 | |
53 total
» upgrades
| Strength of the Wild | 3 | |
| Druid of the Claw Training | 2 | |
| Abolish Magic | 1 | |
| Reinforced Hides | 3 | |
| Mark of the Claw | 1 | |
| Hardened Skin | 1 | |
| Resistant Skin | 1 | |
12 total
» buildings
| Altar of Elders | 1 | |
| Moon Well | 8 | |
| Ancient of War | 1 | |
| Tree of Ages | 1 | |
| Hunter's Hall | 1 | |
| Ancient of Wonders | 1 | |
| Ancient of Lore | 2 | |
| Ancient Protector | 9 | |
| Tree of Life | 3 | |
| Tree of Eternity | 1 | |
28 total
» build order
00:06 Altar of Elders
00:28 Moon Well
00:44 Ancient of War
02:13 Moon Well
03:32 Moon Well
03:36 Tree of Ages
04:30 Moon Well
04:56 Hunter's Hall
05:45 Ancient of Wonders
06:05 Ancient of Lore
07:05 Ancient Protector
07:45 Moon Well
10:25 Tree of Life
12:45 Tree of Eternity
13:32 Ancient of Lore
13:38 Moon Well
15:07 Ancient Protector
15:11 Ancient Protector
15:51 Moon Well
16:52 Moon Well
17:54 Ancient Protector
22:00 Ancient Protector
22:02 Ancient Protector
22:04 Ancient Protector
22:06 Ancient Protector
22:10 Ancient Protector
26:46 Tree of Life
27:45 Tree of Life
» items
| Orb of Venom | 1 | |
| Scroll of Town Portal | 1 | |
2 total

»
t34m_k1114 (
yellow | 48 APM | 2185 actions | 45:33)
9 Shadow Hunter
3 Healing Wave
3 Hex
1 Big Bad Voodoo
2 Serpent Ward
2 Death Knight
1 Unholy Aura
1 Death Coil
» actions
| Basic commands | 8 | |
| Build / train | 100 | |
| Enter build submenu | 40 | |
| Enter hero's abilities submenu | 10 | |
| Give item / drop item | 2 | |
| Right click | 1285 | |
| Select / deselect | 656 | |
| Use ability | 84 | |
2185 total
» units
| Peon | 19 | |
| Grunt | 5 | |
| Acolyte | 6 | |
| Frost Wyrm | 7 | |
| Shaman | 7 | |
| Troll Witch Doctor | 5 | |
| Tauren | 6 | |
| Demolisher | 3 | |
| Troll Headhunter/Berserker | 10 | |
68 total
» upgrades
| Spiked Barricades | 1 | |
| Shaman Training | 2 | |
| Witch Doctor Training | 2 | |
| Pulverize | 1 | |
| Melee Weapons | 1 | |
| Armor | 1 | |
| Freezing Breath | 1 | |
| Burning Oil | 1 | |
| Berserker Upgrade | 1 | |
| Troll Regeneration | 1 | |
| Ranged Weapons | 1 | |
13 total
» buildings
| Orc Burrow | 11 | |
| Altar of Storms | 1 | |
| War Mill | 2 | |
| Barracks | 2 | |
| Voodoo Lounge | 1 | |
| Watch Tower | 1 | |
| Sacrificial Pit | 1 | |
| Black Citadel | 1 | |
| Stronghold | 1 | |
| Ziggurat | 6 | |
| Nerubian Tower | 2 | |
| Boneyard | 3 | |
| Spirit Lodge | 4 | |
| Fortress | 1 | |
| Tauren Totem | 2 | |
| Great Hall | 2 | |
| Beastiary | 1 | |
42 total
» build order
00:29 Orc Burrow
00:40 Altar of Storms
00:46 War Mill
02:07 Orc Burrow
02:19 Orc Burrow
02:33 Barracks
03:13 Voodoo Lounge
03:17 Orc Burrow
04:31 Orc Burrow
04:35 Watch Tower
05:28 Orc Burrow
05:46 Sacrificial Pit
05:54 Black Citadel
06:06 Stronghold
06:24 Ziggurat
06:30 Ziggurat
06:34 Ziggurat
06:38 Ziggurat
06:43 Ziggurat
06:48 Ziggurat
06:57 Nerubian Tower
07:13 Orc Burrow
08:13 Orc Burrow
08:19 Boneyard
08:29 Boneyard
08:33 Boneyard
08:52 Spirit Lodge
08:55 Spirit Lodge
09:11 Orc Burrow
09:48 Fortress
10:23 Orc Burrow
11:39 Orc Burrow
12:17 Tauren Totem
12:33 Tauren Totem
22:15 Nerubian Tower
43:22 Great Hall
45:33 Great Hall
» items
| Potion of Healing | 1 | |
| Scroll of Speed | 1 | |
2 total
team 2 (winner)

»
EXIUN (
purple | 29 APM | 754 actions | 26:18)
5 Blood Mage
3 Flame Strike
2 Siphon Mana
» actions
| Assign group hotkey | 12 | |
| Basic commands | 5 | |
| Build / train | 81 | |
| Enter build submenu | 35 | |
| Enter hero's abilities submenu | 5 | |
| Give item / drop item | 5 | |
| Right click | 129 | |
| Select / deselect | 246 | |
| Select group hotkey | 191 | |
| Use ability | 45 | |
754 total
» units
| Peasant | 13 | |
| Footman | 3 | |
| Rifleman | 8 | |
| Mortar Team | 4 | |
| Knight | 4 | |
| Priest | 4 | |
| Siege Engine | 11 | |
| Sorceress | 1 | |
48 total
» upgrades
| Gunpowder | 1 | |
| Long Rifles | 1 | |
| Lumber Harvesting | 2 | |
| Barrage | 1 | |
| Fragmentation Shards | 1 | |
| Priest Training | 2 | |
| Masonry | 3 | |
| Sorceress Training | 2 | |
| Armor | 1 | |
| Animal War Training | 1 | |
15 total
» buildings
| Altar of Kings | 1 | |
| Farm | 13 | |
| Barracks | 1 | |
| Blacksmith | 1 | |
| Scout Tower | 11 | |
| Lumber Mill | 1 | |
| Guard Tower | 7 | |
| Arcane Vault | 1 | |
| Keep | 1 | |
| Castle | 1 | |
| Workshop | 1 | |
| Arcane Sanctum | 1 | |
| Town Hall | 1 | |
41 total
» build order
00:08 Altar of Kings
00:26 Farm
00:38 Barracks
01:06 Farm
01:46 Farm
02:05 Blacksmith
02:23 Scout Tower
02:36 Lumber Mill
02:50 Farm
02:56 Scout Tower
03:08 Scout Tower
03:42 Guard Tower
03:45 Guard Tower
04:34 Arcane Vault
04:41 Farm
04:53 Farm
05:40 Keep
05:44 Scout Tower
05:58 Farm
06:03 Scout Tower
06:14 Scout Tower
06:27 Guard Tower
06:31 Guard Tower
06:56 Guard Tower
07:09 Scout Tower
07:17 Scout Tower
07:40 Scout Tower
08:04 Farm
08:19 Scout Tower
08:21 Castle
08:41 Workshop
08:54 Farm
08:57 Scout Tower
09:36 Arcane Sanctum
11:28 Guard Tower
12:09 Farm
12:45 Guard Tower
12:58 Farm
13:35 Farm
15:13 Town Hall
19:42 Farm
» items
| Scroll of Regeneration | 2 | |
| Orb of Fire | 1 | |
3 total
Byrneracing21 (
red | 31 APM | 681 actions | 22:00)
3 Blademaster
2 Wind Walk
1 Critical Strike
» actions
| Basic commands | 7 | |
| Build / train | 48 | |
| Enter build submenu | 21 | |
| Enter hero's abilities submenu | 4 | |
| Right click | 365 | |
| Select / deselect | 203 | |
| Use ability | 33 | |
681 total
» units
| Peon | 9 | |
| Grunt | 15 | |
| Troll Headhunter/Berserker | 6 | |
| Shaman | 3 | |
33 total
» upgrades
| Melee Weapons | 2 | |
| Armor | 2 | |
| Troll Regeneration | 1 | |
| Ranged Weapons | 1 | |
| Shaman Training | 1 | |
7 total
» buildings
| Barracks | 1 | |
| Altar of Storms | 1 | |
| Orc Burrow | 6 | |
| Voodoo Lounge | 1 | |
| War Mill | 1 | |
| Great Hall | 1 | |
| Stronghold | 1 | |
| Watch Tower | 2 | |
| Beastiary | 1 | |
| Spirit Lodge | 1 | |
| Fortress | 1 | |
17 total
» build order
00:26 Barracks
00:32 Altar of Storms
00:39 Orc Burrow
01:39 Voodoo Lounge
04:09 War Mill
05:29 Orc Burrow
09:04 Orc Burrow
10:34 Great Hall
11:26 Stronghold
13:33 Orc Burrow
15:31 Watch Tower
15:58 Beastiary
16:37 Watch Tower
17:50 Spirit Lodge
20:03 Fortress
21:05 Orc Burrow
21:09 Orc Burrow
» items

»
brucewillisusa (
green | 83 APM | 3764 actions | 45:33)
10 Priestess of the Moon
3 Trueshot Aura
3 Scout
1 Starfall
3 Searing Arrows
2 Blademaster
2 Critical Strike
» actions
| Assign group hotkey | 64 | |
| Basic commands | 85 | |
| Build / train | 220 | |
| ESC pressed | 12 | |
| Enter build submenu | 111 | |
| Enter hero's abilities submenu | 13 | |
| Give item / drop item | 6 | |
| Remove unit from queue | 8 | |
| Right click | 1129 | |
| Select / deselect | 890 | |
| Select group hotkey | 887 | |
| Use ability | 339 | |
3764 total
» units
| Wisp | 59 | |
| Glaive Thrower | 19 | |
| Goblin Shredder | 1 | |
| Goblin Zeppelin | 15 | |
| Hippogryph | 14 | |
| Peasant | 1 | |
| Druid of the Talon | 4 | |
| Peon | 12 | |
| Dragonhawk Rider | 3 | |
| Wind Rider | 6 | |
| Gryphon Rider | 1 | |
135 total
» upgrades
| Vorpal Blades | 1 | |
| Strength of the Moon | 3 | |
| Moon Armor | 3 | |
| Ultravision | 1 | |
| Nature's Blessing | 1 | |
| Strength of the Wild | 3 | |
| Reinforced Hides | 3 | |
| Druid of the Talon Training | 2 | |
| Mark of the Talon | 1 | |
| Swords | 2 | |
| Ranged Weapons | 2 | |
| Envenomed Spears | 1 | |
| Storm Hammers | 1 | |
| Well Spring | 1 | |
25 total
» buildings
| Moon Well | 8 | |
| Altar of Elders | 1 | |
| Hunter's Hall | 1 | |
| Tree of Ages | 3 | |
| Ancient of War | 2 | |
| Ancient Protector | 47 | |
| Tree of Life | 1 | |
| Tree of Eternity | 1 | |
| Ancient of Wonders | 1 | |
| Ancient of Wind | 2 | |
| Keep | 2 | |
| Altar of Kings | 2 | |
| Farm | 12 | |
| Lumber Mill | 2 | |
| Stronghold | 4 | |
| Castle | 2 | |
| Great Hall | 4 | |
| Gryphon Aviary | 4 | |
| Arcane Vault | 1 | |
| Town Hall | 1 | |
| War Mill | 1 | |
| Orc Burrow | 7 | |
| Blacksmith | 1 | |
| Altar of Storms | 1 | |
| Beastiary | 3 | |
| Fortress | 1 | |
| Voodoo Lounge | 1 | |
| Watch Tower | 5 | |
121 total
» build order
00:24 Moon Well
00:31 Altar of Elders
02:06 Hunter's Hall
02:12 Tree of Ages
02:12 Tree of Ages
02:13 Tree of Ages
02:47 Ancient of War
02:49 Ancient of War
02:58 Moon Well
03:13 Moon Well
03:26 Ancient Protector
06:11 Moon Well
08:12 Tree of Life
10:00 Ancient Protector
10:25 Ancient Protector
10:26 Ancient Protector
12:46 Ancient Protector
12:46 Ancient Protector
13:06 Tree of Eternity
13:40 Ancient Protector
13:45 Ancient Protector
13:52 Ancient Protector
14:00 Ancient Protector
15:46 Ancient Protector
15:47 Ancient Protector
15:48 Ancient Protector
15:49 Ancient Protector
15:55 Ancient Protector
16:23 Ancient Protector
16:28 Ancient Protector
16:33 Ancient Protector
16:34 Ancient Protector
16:44 Ancient Protector
18:01 Ancient Protector
18:50 Ancient Protector
18:51 Ancient Protector
20:25 Ancient of Wonders
20:28 Ancient Protector
20:59 Ancient Protector
21:01 Ancient Protector
21:02 Ancient Protector
21:04 Ancient Protector
21:06 Ancient Protector
21:09 Ancient Protector
21:09 Ancient Protector
24:05 Ancient Protector
24:06 Ancient Protector
24:11 Ancient Protector
25:18 Ancient Protector
25:19 Ancient Protector
25:19 Ancient Protector
25:20 Ancient Protector
26:26 Ancient Protector
26:26 Ancient Protector
26:33 Ancient of Wind
26:35 Ancient of Wind
26:40 Moon Well
26:40 Moon Well
26:42 Moon Well
26:42 Moon Well
27:01 Ancient Protector
27:04 Ancient Protector
27:05 Ancient Protector
29:58 Ancient Protector
29:58 Ancient Protector
29:59 Ancient Protector
30:00 Ancient Protector
33:42 Keep
33:44 Altar of Kings
33:46 Farm
33:50 Lumber Mill
37:12 Stronghold
37:17 Castle
39:54 Lumber Mill
40:42 Great Hall
40:47 Great Hall
41:04 Gryphon Aviary
41:04 Gryphon Aviary
41:05 Gryphon Aviary
41:06 Gryphon Aviary
43:12 Farm
43:13 Farm
43:13 Farm
43:14 Farm
43:14 Farm
43:15 Farm
43:56 Great Hall
45:12 Great Hall
45:33 Orc Burrow
» items
| Lesser Clarity Potion | 2 | |
| Healing Salve | 1 | |
| Scroll of Speed | 2 | |
| Staff of Sanctuary | 1 | |
| Scroll of Town Portal | 10 | |
| Anti-magic Potion | 5 | |
| Orb of Venom | 1 | |
| Orb of Lightning | 1 | |
23 total
GosuOwner.4k (
orange | 23 APM | 1033 actions | 45:33)
4 Mountain King
3 Storm Bolt
1 Bash
1 Paladin
1 Holy Light
» actions
| Assign group hotkey | 42 | |
| Basic commands | 27 | |
| Build / train | 60 | |
| Enter build submenu | 19 | |
| Enter hero's abilities submenu | 5 | |
| Give item / drop item | 2 | |
| Right click | 470 | |
| Select / deselect | 317 | |
| Select group hotkey | 34 | |
| Use ability | 57 | |
1033 total
» units
» upgrades
» buildings
| Altar of Kings | 1 | |
| Farm | 7 | |
| Barracks | 1 | |
| Scout Tower | 1 | |
| Arcane Tower | 1 | |
| Keep | 1 | |
| Arcane Vault | 2 | |
| Castle | 1 | |
| Blacksmith | 1 | |
| Lumber Mill | 1 | |
| Altar of Storms | 1 | |
| Orc Burrow | 1 | |
| War Mill | 1 | |
20 total
» build order
00:06 Altar of Kings
00:33 Farm
02:20 Farm
03:00 Barracks
03:39 Farm
03:43 Scout Tower
03:46 Farm
04:12 Arcane Tower
04:23 Keep
04:30 Arcane Vault
07:18 Farm
07:19 Farm
08:02 Castle
13:20 Blacksmith
13:28 Lumber Mill
18:49 Arcane Vault
32:59 Altar of Storms
33:06 Orc Burrow
35:02 War Mill
35:17 Farm
» items
| Scroll of Regeneration | 1 | |
| Lesser Clarity Potion | 1 | |
| Potion of Healing | 6 | |
| Potion of Mana | 7 | |
| Orb of Fire | 2 | |
| Scroll of Town Portal | 1 | |
| Staff of Sanctuary | 1 | |
19 total
Chat log
(00:10 / Allies) GosuOwner.4k: mk foots
(00:11 / All) brucewillisusa: i just pooped my diaper
(00:12 / Allies) GosuOwner.4k: knights
(00:15 / All) death_x: lol
(00:30 / All) GosuOwner.4k: FUKEN NOOBVS HAVE MANNNER
(00:34 / All) killerb-: are we done now?
(00:48 / All) GosuOwner.4k: no manner noob
(00:52 / All) GosuOwner.4k: i hate you
(00:52 / All) brucewillisusa: noob
(00:55 / All) death_x: shall i kill u now or later
(00:56 / All) death_x: xD
(00:58 / All) killerb-: you cant pause an online game.
(01:01 / All) killerb-: fact
(01:18 / All) GosuOwner.4k: u can, if all players r good a nd kind
(01:18 / All) Byrneracing21: opinion ;) lol jkjk
(01:23 / All) GosuOwner.4k: We can wait for 1 minute
(01:24 / Allies) brucewillisusa: lol
(01:26 / All) GosuOwner.4k: at least
(01:31 / Allies) brucewillisusa: u think 1 miner is too many?
(01:35 / Allies) brucewillisusa: id go with 1/2
(01:35 / All) killerb-: alright, we wont build anything for exactly 1 minute
(01:39 / Allies) brucewillisusa: dont wanna blow ur gold too fasrt
(01:41 / All) GosuOwner.4k: lier
(01:43 / All) death_x: note wont build
(01:44 / All) GosuOwner.4k: I will save rep
(01:47 / All) killerb-: i dont lie.
(01:52 / All) death_x: didnt say make guys
(01:54 / All) death_x: tho
(02:01 / All) GosuOwner.4k: You lied just now
(02:07 / All) GosuOwner.4k: build = make guys
(02:08 / All) Extinguisher: I haven't built anything for the past 3 minutes, so it's easy for me.
(02:10 / All) death_x: no...
(02:11 / All) GosuOwner.4k: same action
(02:17 / All) death_x: no lol
(02:21 / All) GosuOwner.4k: yeah
(02:23 / All) death_x: makeing guys arent building
(02:24 / All) GosuOwner.4k: no lol
(02:32 / All) GosuOwner.4k: i know game engine sructure
(02:39 / All) GosuOwner.4k: its same action
(02:42 / All) brucewillisusa: orange wanna stop chatting for a minute and throw a 5th guy in that gold mine?
(02:43 / All) death_x: no its not
(02:51 / All) GosuOwner.4k: oh
(02:53 / All) GosuOwner.4k: ty
(02:54 / All) killerb-: yay, hes back from pooping.
(03:03 / All) brucewillisusa: i was here for the pooping part
(03:05 / All) brucewillisusa: left to clean it up
(03:07 / All) death_x: alright its been a min
(04:05 / Allies) brucewillisusa: wood plz
(04:16 / All) GosuOwner.4k: gl hf btw
(04:33 / All) GosuOwner.4k: And...
(04:34 / Allies) brucewillisusa: red u there man?
(04:36 / Allies) brucewillisusa: can u read this?
(04:43 / Allies) brucewillisusa: red your name is "byrnracing21"
(04:46 / Allies) brucewillisusa: you may appear to be blue
(04:50 / Allies) brucewillisusa: if you have your colors set differently
(04:59 / Allies) GosuOwner.4k: rofl
(05:00 / Allies) Byrneracing21: Byrneracing21*
(05:09 / Allies) brucewillisusa: byrneracing21 put 2 more guys in your gold mine
(05:13 / Allies) brucewillisusa: thats how everyone plays, with 5
(05:19 / Allies) brucewillisusa: if you have less you handicap yourself
(05:19 / Allies) GosuOwner.4k: hm
(05:24 / Allies) GosuOwner.4k: greeen on some maps
(05:27 / Allies) GosuOwner.4k: its actually 6
(05:31 / Allies) GosuOwner.4k: agree?
(05:31 / Allies) brucewillisusa: no its not
(05:37 / Allies) GosuOwner.4k: yeah it is
(05:40 / Allies) brucewillisusa: 'k'
(05:44 / Allies) GosuOwner.4k: they fixed it with patch
(05:46 / Allies) GosuOwner.4k: btw
(06:14 / Allies) GosuOwner.4k: fuku grren
(06:29 / Allies) Byrneracing21: damn
(06:30 / Allies) Byrneracing21: lol
(06:34 / Allies) GosuOwner.4k: nooob
(06:44 / Allies) brucewillisusa: he actually took one out
(06:46 / Allies) brucewillisusa: after i siad that
(06:46 / Allies) brucewillisusa: nice
(06:56 / Allies) Byrneracing21: took 1 what out lol
(07:01 / Allies) GosuOwner.4k: bse
(08:39 / Allies) GosuOwner.4k: green
(08:47 / Allies) GosuOwner.4k: what dya think of this?
(09:09 / Allies) brucewillisusa: could use a row of cannons
(09:10 / Allies) brucewillisusa: dont u think?
(09:14 / Allies) GosuOwner.4k: ye
(09:17 / Allies) GosuOwner.4k: he shouyl
(09:20 / Allies) GosuOwner.4k: should
(11:31 / Allies) GosuOwner.4k: btw
(11:34 / Allies) GosuOwner.4k: u all suck
(12:34 / All) GosuOwner.4k: blue suck even harder then my team?
(12:40 / All) killerb-: blue left.
(12:44 / All) GosuOwner.4k: oh
(12:46 / All) GosuOwner.4k: Sorry
(12:52 / Allies) brucewillisusa: use defend
(12:53 / Allies) brucewillisusa: fast
(13:00 / Allies) GosuOwner.4k: defend>
(13:08 / Allies) GosuOwner.4k: ?
(13:32 / Allies) GosuOwner.4k: what you mean?
(13:39 / Allies) GosuOwner.4k: how i should defend?
(14:59 / All) GosuOwner.4k: hey noobs
(15:05 / All) GosuOwner.4k: u fuckng suick noooonads
(15:11 / All) GosuOwner.4k: I OWN
(15:15 / All) GosuOwner.4k: I AM IMBA GOSU OWNER
(16:45 / All) GosuOwner.4k: hmm
(16:48 / All) GosuOwner.4k: im noob.
(16:50 / All) GosuOwner.4k: ok.
(17:03 / All) GosuOwner.4k: i suck.
(19:42 / Allies) GosuOwner.4k: hey greeen
(19:46 / Allies) GosuOwner.4k: tower nooby?
(21:21 / Allies) Byrneracing21: t[
(21:35 / Allies) EXIUN: u fucking suck red
(21:40 / Allies) Byrneracing21: no
(21:41 / Allies) Byrneracing21: riofl
(21:43 / Allies) Byrneracing21: u blow
(21:44 / Allies) EXIUN: yes
(21:48 / Allies) Byrneracing21: no
(21:48 / Allies) GosuOwner.4k: suck it
(21:52 / Allies) Byrneracing21: see there army
(21:54 / Allies) Byrneracing21: suck mine bitch
(21:56 / Allies) Byrneracing21: least u lost too
(21:57 / Allies) Byrneracing21: haha
(22:05 / Allies) EXIUN: cuz u suck
(22:21 / Allies) GosuOwner.4k: he was noob
(22:27 / Allies) GosuOwner.4k: im not
(22:28 / Allies) GosuOwner.4k: i own
(23:42 / All) killerb-: thats game.
(23:51 / All) killerb-: lmao. i love how we skipped green
(24:06 / All) GosuOwner.4k: u suck btw
(24:08 / All) GosuOwner.4k: noov
(24:10 / All) GosuOwner.4k: noob
(24:11 / All) killerb-: the most annoying player on their team
(25:07 / Allies) brucewillisusa: lol
(25:11 / Allies) GosuOwner.4k: build more
(25:16 / Allies) GosuOwner.4k: trees
(27:08 / All) killerb-: gg
(27:14 / All) killerb-: lmao green.
(27:15 / All) brucewillisusa: what we doin gettin money what they doin hatin on us
(29:34 / Allies) brucewillisusa: u could get his hero back
(29:35 / Allies) brucewillisusa: level 5 bm
(30:17 / Allies) GosuOwner.4k: hey green
(30:20 / Allies) GosuOwner.4k: we gonna win
(30:31 / Allies) brucewillisusa: the opower of tower
(30:37 / Allies) GosuOwner.4k: yeah
(30:39 / Allies) GosuOwner.4k: own them
(30:47 / Allies) GosuOwner.4k: my piower of two heroes failed
(31:03 / Allies) brucewillisusa: noone ever says "2 hero noob"
(31:05 / Allies) brucewillisusa: for a reason
(31:06 / Allies) brucewillisusa: :p
(31:16 / Allies) GosuOwner.4k: 8D
(31:52 / All) GosuOwner.4k: OWNAGE
(32:32 / Allies) GosuOwner.4k: col
(32:39 / Allies) GosuOwner.4k: i take red
(33:49 / Allies) GosuOwner.4k: more towers
(34:32 / Allies) GosuOwner.4k: i take purp too
(40:31 / Allies) GosuOwner.4k: greeny
(40:34 / Allies) GosuOwner.4k: u here?
(40:43 / Allies) GosuOwner.4k: fuck
(41:51 / All) GosuOwner.4k: I AM IMBA
(41:53 / All) GosuOwner.4k: I ONW
(41:56 / All) GosuOwner.4k: OWN
(43:05 / Allies) brucewillisusa: shit
(43:07 / Allies) brucewillisusa: level 6
(43:13 / Allies) GosuOwner.4k: bad
(45:33 / All) brucewillisusa: BIRDS